cohdb
Replays
Latest Replays
All Replays
Popular Replays
Top Player Replays
Match Explorer
How It Works
Community
CoH3 Stats
Reddit
Sign in to upload your games and track your stats! →
Sign in with Steam
Match 43258474
Unlisted
Match 43258474
Overview
Messages
Build Orders
End
Panzergrenadier Squad
250 Light Carrier
Panzergrenadier Squad
Panzergrenadier Squad
Construct Light Support Kompanie
Fire Support Elements
2.5-tonne Medical Truck
Veteran Squad Leaders
Panzergrenadier Squad
Construct Panzerarmee Kommand
Panzer III L Medium Tank
Panzerjäger Squad
Panzerjäger Squad
Selects Panzerjäger Kommand Battlegroup
Selects Mine Fields
Selects Defensive Positions
Selects Butterfly Bomb Drop
Selects Tank Busters
Selects Crew Shock Tactics
Flak 36 Anti-tank Gun Team
Panzer III L Medium Tank
Armored Reserves
dr.farsh
'Hed'
Cpt.Bod
simranjitsingh713
0
0
Comments
sign in to comment!
No comments posted yet!